Map: 트라이튼 - 래더

Players

Solar - Winner!

  • Race: Zerg Zerg
  • Spawn Location: 11:00

Patience

  • Race: Protoss Protoss
  • Spawn Location: 5:00

Event: IEM Katowice 2020

VOD

Have the link to the VOD?

Description

Time

  • Played on: Feb. 28, 2020, 9:05 a.m.
  • Length: 8:15

All games in this series

Show
View Real Time Build Order
Export as new Build Order

Solar Zerg - Winner!

Build Orders: Hatch First 

Get SALT Encoding   

  12  0:01  Drone  
  13  0:12  Overlord  
  13  0:17  Drone  
  14  0:31  Drone x2  
  16  0:48  Hatchery  
  15  0:51  Drone  
  15  0:54  Drone  
  17  0:58  Drone  
  18  1:08  Extractor  
  17  1:13  Spawning Pool  
  17  1:17  Drone  
  17  1:20  Drone  
  18  1:28  Drone  
  19  1:39  Drone  
  20  1:48  Hatchery  
  20  1:51  Drone  
  20  2:00  Queen  
  22  2:02  Zergling x2  
  23  2:12  Queen  
  25  2:17  Overlord  
  26  2:22  Drone  
  26  2:26  Drone  
  27  2:34  Drone  
  27  2:37  Zergling x2  
  29  2:42  Queen  
  31  2:45  Drone  
  31  2:47  Drone  
  31  2:50  Drone  
  34  2:53  Drone  
  34  2:55  Drone  
  36  3:03  Drone  
  36  3:04  Overlord  
  37  3:05  Drone  
  37  3:06  Drone  
  37  3:11  Drone  
  40  3:15  Drone x2  
  42  3:23  Drone x3  
  42  3:24  Drone  
  42  3:26  Drone  
  47  3:31  Lair, Roach Warren  
  47  3:33  Drone x2  
  48  3:37  Extractor, Overlord  
  48  3:39  Extractor  
  46  3:42  Drone  
  46  3:45  Drone  
  46  3:47  Drone  
  49  3:50  Overlord  
  49  3:53  Overlord  
  49  4:07  Drone  
  50  4:11  Roach x6  
  50  4:13  Roach x2  
  50  4:14  Roach  
  50  4:16  Queen  
  68  4:20  Roach  
  68  4:23  Roach  
  74  4:25  Overlord  
  73  4:31  Glial Reconstitution  
  73  4:35  Overlord  
  73  4:36  Overlord  
  73  4:42  Overlord  
  73  4:44  Drone  
  73  4:45  Drone x2  
  76  4:46  Roach  
  76  4:48  Overseer  
  76  4:49  Overseer  
  76  4:52  Roach  
  80  4:56  Roach  
  80  4:57  Drone  
  83  5:00  Roach  
  83  5:03  Roach x2  
  83  5:06  Drone  
  83  5:07  Drone  
  91  5:09  Drone  
  92  5:15  Drone x3  
  92  5:19  Drone  
  92  5:20  Drone x2  
  98  5:21  Evolution Chamber  
  98  5:24  Metabolic Boost  
  97  5:29  Overlord  
  97  5:31  Drone x2  
  97  5:32  Drone  
  97  5:34  Drone  
  101  5:36  Drone  
  101  5:37  Drone  
  101  5:39  Extractor, Overlord  
  101  5:41  Roach  
  101  5:42  Extractor  
  103  5:49  Roach x2  
  104  5:51  Drone  
  104  5:56  Overlord, Zerg Missile Weapons Level 1  
  104  5:59  Roach x3  
  104  6:02  Overlord  
  104  6:03  Overlord  
  110  6:05  Roach  
  110  6:06  Roach  
  110  6:07  Overlord  
  110  6:08  Overlord  
  110  6:10  Overlord  
  114  6:13  Overlord  
  114  6:16  Overlord  
  114  6:21  Roach x3  
  114  6:25  Roach  
  122  6:26  Roach  
  122  6:30  Roach x2  
  122  6:32  Roach  
  129  6:34  Roach  
  129  6:38  Roach x2  
  135  6:41  Roach  
  135  6:42  Ravager x3  
  135  6:46  Zergling x8  
  144  6:47  Ravager  
  144  6:49  Roach  
  144  6:51  Roach  
  144  6:53  Roach  
  151  6:56  Overlord  
  151  6:57  Zergling x2  
  151  6:58  Ravager  
  151  6:59  Zergling x2  
  151  7:00  Zergling x2  
  151  7:01  Zergling x2  
  156  7:04  Zergling x4  
  156  7:06  Ravager  
  156  7:08  Roach  
  161  7:12  Zergling x2  
  161  7:15  Roach x4  
  163  7:18  Roach  
  163  7:21  Roach x2  
  165  7:26  Roach  
  165  7:28  Ravager  
  165  7:29  Zergling x4  
  170  7:31  Overlord  
  170  7:33  Zergling x2  
  170  7:35  Overlord  
  169  7:38  Overlord  
  169  7:41  Overlord  
  169  7:44  Overlord  
  169  7:46  Overlord  
  171  7:51  Roach, Ravager x2  
  171  7:52  Zergling x2, Roach  
  171  7:53  Ravager  
  171  7:54  Roach  
  171  7:55  Zergling x2  
  171  7:56  Zergling x2  
Show
View Real Time Build Order
Export as new Build Order

Patience Protoss 

Build Orders: 1 Gate Expand 

Get SALT Encoding   

  12  0:00  Probe  
  13  0:13  Probe  
  14  0:20  Pylon  
  14  0:25  Probe (Chrono Boost)  
  15  0:40  Probe (Chrono Boost), Gateway  
  16  0:45  Probe (Chrono Boost), Assimilator  
  17  0:55  Probe  
  18  1:07  Probe  
  19  1:19  Probe  
  19  1:24  Nexus  
  20  1:33  Cybernetics Core  
  20  1:36  Probe  
  21  1:43  Assimilator  
  21  1:49  Probe  
  21  1:51  Pylon  
  23  2:01  Probe  
  23  2:07  Adept (Chrono Boost)  
  23  2:10  Warp Gate  
  23  2:13  Probe  
  26  2:22  Twilight Council  
  26  2:25  Probe  
  26  2:29  Stalker  
  29  2:37  Probe  
  29  2:38  Probe  
  31  2:49  Probe, Robotics Facility  
  32  2:51  Probe  
  33  3:01  Probe  
  33  3:02  Resonating Glaives (Chrono Boost)  
  33  3:04  Probe  
  35  3:14  Gateway  
  35  3:18  Gateway  
  35  3:22  Probe  
  35  3:26  Warp Prism  
  36  3:28  Probe  
  36  3:29  Pylon  
  39  3:45  Gateway  
  39  3:46  Gateway  
  39  3:49  Probe x2  
  39  3:54  Pylon  
  41  3:56  Observer  
  41  3:59  Assimilator  
  41  4:00  Assimilator  
  42  4:07  Probe  
  43  4:15  Probe  
  44  4:19  Probe, Adept x3  
  51  4:27  Probe  
  51  4:30  Pylon  
  53  4:40  Adept x4  
  53  4:43  Adept  
  62  4:49  Probe x2  
  62  4:50  Immortal (Chrono Boost)  
  68  5:05  Probe, Forge  
  68  5:06  Probe  
  70  5:15  Pylon  
  70  5:31  Pylon, Immortal (Chrono Boost)  
  70  5:34  Probe x2  
  76  5:39  Stalker  
  76  5:42  Pylon  
  78  5:43  Protoss Ground Weapons Level 1 (Chrono Boost)  
  78  5:44  Pylon  
  74  5:57  Pylon  
  74  5:59  Immortal (Chrono Boost)  
  74  6:01  Pylon, Stalker  
  74  6:02  Sentry  
  74  6:03  Sentry  
  84  6:04  Sentry  
  84  6:08  Pylon  
  85  6:23  Nexus  
  85  6:37  Sentry x3  
  91  6:42  Forge  
  91  6:43  Gateway  
  91  6:46  Gateway  
  91  6:47  Adept  
  91  6:49  Gateway  
  91  6:50  Observer (Chrono Boost)  
  91  6:51  Probe x2  
  96  7:03  Probe  
  93  7:21  Immortal (Chrono Boost)  
  89  7:24  Adept x5  
  103  7:35  Shield Battery  
  103  7:36  Shield Battery  
  99  7:37  Shield Battery  
  99  7:39  Shield Battery  
  99  7:42  Sentry x2  
  99  7:43  Sentry  
  105  7:44  Sentry  
  105  7:45  Zealot x3  
  105  7:51  Adept  
  65  8:12  Stalker x2  
  65  8:13  Stalker x2  

Tags
 
Add a new tag
Caveats
  • Supply blocks, unpowered buildings, or Contaminate may cause inaccurate times.
  • Supply counts are checked every 10 seconds.